 Dungeon Crawl Stone Soup version 0.30-a0-1094-g860fb061e7 (webtiles) character file.

Game seed: 6742036838301844493

48232 BubbleThief the Fighter (level 14, -5/144 HPs)
             Began as a Naga Cinder Acolyte on Apr 17, 2023.
             Was a Priest of Ignis.
             Slain by a skeletal warrior
             ... wielding a +0 war axe
              (18 damage)
             ... on level 12 of the Dungeon on Apr 18, 2023.
             The game lasted 00:48:37 (22670 turns).

BubbleThief the Fighter (Naga Cinder Acolyte)      Turns: 22670, Time: 00:48:38

Health: -5/144     AC: 21    Str: 17    XL:     14   Next: 45%
Magic:  27/27      EV:  9    Int: 24    God:    Ignis [***...]
Gold:   475        SH:  0    Dex:  8    Spells: 17/31 levels left

rFire   + + .      SeeInvis +    a - +0 mace (flame)
rCold   . . .      Faith    .    (no shield)
rNeg    + . .      Spirit   .    g - +2 robe {rN+}
rPois   +          Reflect  .    C - +0 helmet
rElec   .          Rampage  .    G - +0 cloak
rCorr   .                        c - +0 pair of gloves
Will    +....                    (no barding)
Stlth   ++                       O - amulet of magic regeneration
HPRegen 0.44/turn                q - +4 ring of protection
MPRegen 0.60/turn                l - ring "Atwinili" {rF+ Int+6 Stlth+}

@: about to teleport, fiery-armoured, very slow
A: AC +4, large, see invisible, deformed body, poison resistance, slowness 2,
spit poison 1, naga tail 2
a: Spit Poison, Renounce Religion, Fiery Armour, Foxfire Swarm, Rising Flame


You were on level 12 of the Dungeon.
You worshipped Ignis.
Ignis was most pleased with you.
You visited 2 branches of the dungeon, and saw 16 of its levels.
You also visited: Gauntlet and Volcano.

You collected 1308 gold pieces.
You spent 833 gold pieces at shops.

Inventory:

Hand Weapons
 a - a +0 mace of flaming (weapon)
 J - a +4 whip of venom
Armour
 c - a +0 pair of gloves (worn)
 d - a +2 leather armour of cold resistance
 g - a +2 robe of positive energy (worn)
 j - the +5 ring mail "Dumiv" {+Inv rN++}
   (You found it on level 9 of the Dungeon)

   rN:        It greatly protects you from negative energy.
   +Inv:      It lets you turn invisible.
 C - a +0 helmet (worn)
 G - a +0 cloak (worn)
 N - the +2 ring mail of the Guava {Str+4 Dex+5}
   (You found it on level 4 of the Lair of Beasts)

   Str:       It affects your strength (+4).
   Dex:       It affects your dexterity (+5).
Jewellery
 l - the ring "Atwinili" (right hand) {rF+ Int+6 Stlth+}
   (You acquired it on level 1 of the Lair of Beasts)

   [ring of intelligence]

   Int:       It affects your intelligence (+6).
   rF:        It protects you from fire.
   Stlth:     It makes you more stealthy.
 q - a +4 ring of protection (left hand)
 r - an amulet of reflection
 H - a ring of willpower
 O - an amulet of magic regeneration (around neck)
 Q - a ring of fire
Wands
 y - a wand of flame (37)
 z - a wand of quicksilver (6)
 A - a wand of charming (11)
 D - a wand of mindburst (26)
 F - a wand of roots (32)
 I - a wand of polymorph (3)
Scrolls
 f - 5 scrolls of identify
 h - 4 scrolls of enchant weapon
 m - 8 scrolls of teleportation
 n - a scroll of amnesia
 p - 6 scrolls of fog
 B - 5 scrolls of fear
 E - a scroll of blinking
Potions
 b - a potion of cancellation
 e - 4 potions of attraction
 i - 3 potions of flight
 k - 2 potions of lignification
 o - 10 potions of curing
 s - 3 potions of mutation
 t - 2 potions of invisibility
 u - 2 potions of heal wounds
 v - 3 potions of berserk rage
 w - 2 potions of might
 x - 4 potions of brilliance
 L - 3 potions of haste
 M - 2 potions of magic
 P - a potion of ambrosia
Miscellaneous
 K - a box of beasts


   Skills:
 - Level 14.2 Fighting
 - Level 13.5 Maces & Flails
 - Level 9.0 Spellcasting
 + Level 8.1 Conjurations
 + Level 8.9 Fire Magic
 - Level 6.0 Poison Magic


You had 17 spell levels left.
You knew the following spells:

 Your Spells              Type           Power      Damage    Failure   Level
a - Scorch                Fire           100%       2d9       1%          2
b - Mephitic Cloud        Conj/Pois/Air  33%        N/A       2%          3
c - Flame Wave            Conj/Fire      51%        2d13      1%          4
d - Fireball              Conj/Fire      25%        3d11      4%          5

Your spell library contained the following spells:

 Spells                   Type           Power      Damage    Failure   Level
 Foxfire                  Conj/Fire      100%       2x1d9     1%          1
 Magic Dart               Conj           100%       1d8       1%          1
 Searing Ray              Conj           98%        2d8       1%          2
 Poisonous Vapours        Pois/Air       50%        N/A       2%          2
 Spider Form              Tmut/Pois      25%        N/A       4%          3
 Apportation              Tloc           20%        N/A       6%          1
 Beastly Appendage        Tmut           20%        N/A       6%          1
 Necrotise                Necr           40%        1d6       6%          1
 Wereblood                Tmut           10%        N/A       9%          2
 Fulminant Prism          Conj/Hex       15%        3d10      11%         4
 Gell's Gravitas          Tloc           10%        N/A       17%         3
 Ozocubu's Armour         Ice            10%        N/A       17%         3
 Teleport Other           Tloc           10%        N/A       17%         3
 Vampiric Draining        Necr           10%        2d6       17%         3
 Alistair's Intoxication  Tmut/Pois      16%        N/A       43%         5
 Freezing Cloud           Conj/Ice/Air   11%        6-21      47%         5
 Animate Dead             Necr           10%        N/A       50%         4
 Manifold Assault         Tloc           10%        N/A       50%         4
 Agony                    Necr           10%        N/A       85%         5
 Borgnjor's Vile Clutch   Necr/Erth      5%         N/A       85%         5
 Metabolic Englaciation   Hex/Ice        5%         N/A       85%         5
 Conjure Ball Lightning   Conj/Air       15%        3x3d6     86%         6
 Death Channel            Necr           5%         N/A       100%        6
 Dispersal                Tloc           5%         N/A       100%        6
 Simulacrum               Ice/Necr       5%         N/A       100%        6
 Dragon Form              Tmut           5%         N/A       100%        7
 Borgnjor's Revivificati  Necr           5%         N/A       100%        8
 Discord                  Hex            5%         N/A       100%        8
 Disjunction              Tloc           5%         N/A       100%        8
 Ignition                 Fire           26%        3d9       100%        8
 Necromutation            Tmut/Necr      5%         N/A       100%        8
 Death's Door             Necr           5%         N/A       100%        9


Dungeon Overview and Level Annotations

Branches:
Dungeon (12/15)            Temple (0/1) D:6            Lair (4/5) D:9
 Shoals (0/4) Lair:2       Spider (0/4) Lair:2        Slime (0/5) Lair:4
    Orc (0/2) D:10        Volcano (visited)         Gauntlet (visited)

Altars:
Dithmenos
Elyvilon
Fedhas
Gozag
Hepliaklqana
Kikubaaqudgha
Qazlal
Ru
Trog
Uskayaw
Vehumet
Wu Jian
Xom
Yredelemnul
Zin
The Shining One
Jiyva

Shops:
D:4 !(**   D:6 !:   D:7 *   D:9 (   D:10 [

Annotations:
D:8 2 transporters, BlueFish's ghost, novice OpFi
Lair:1 2 transporters
Lair:3 3 runed translucent doors, Gymmif's ghost, journeyman DsGl


Innate Abilities, Weirdness & Mutations

Your serpentine skin is tough. (AC +4)
You have supernaturally acute eyesight. (SInv)
Armour fits poorly on your strangely shaped body.
Your system is resistant to poisons. (rPois)
You cover ground very slowly.
You can spit poison.
You can use your snake-like lower body to constrict enemies.


Message History

The skeletal warrior is heavily damaged.
You constrict the skeletal warrior, but do no damage.
The skeletal warrior barely misses you.
You hit the skeletal warrior but do no damage.
The skeletal warrior is heavily damaged.
You constrict the skeletal warrior.
The skeletal warrior hits you with a +0 war axe!!
* * * LOW HITPOINT WARNING * * *
You hit the skeletal warrior but do no damage.
The skeletal warrior is heavily damaged.
You constrict the skeletal warrior, but do no damage.
You hit the skeletal warrior but do no damage.
The skeletal warrior is heavily damaged.
You constrict the skeletal warrior, but do no damage.
The skeletal warrior hits you with a +0 war axe!
* * * LOW HITPOINT WARNING * * *
As you read the scroll of teleportation, it crumbles to dust.
You feel strangely unstable.
You constrict the skeletal warrior, but do no damage.
The skeletal warrior barely misses you.
Unknown command.
You hit the skeletal warrior but do no damage.
The skeletal warrior is heavily damaged.
You constrict the skeletal warrior.
The skeletal warrior hits you but does no damage.
The skeletal warrior is burned by your cloak of flames.
The skeletal warrior is severely damaged.
You hit the skeletal warrior but do no damage.
The skeletal warrior is severely damaged.
You constrict the skeletal warrior.
The skeletal warrior hits you with a +0 war axe.
* * * LOW HITPOINT WARNING * * *
You hit the skeletal warrior but do no damage.
The skeletal warrior is severely damaged.
You constrict the skeletal warrior. You thump the skeletal warrior!
You burn the skeletal warrior.
The skeletal warrior is almost destroyed.
You constrict the skeletal warrior.
The skeletal warrior hits you with a +0 war axe!!
You die...

..# ####......). .##
##........... .#
#..####....## ## ##.##
##..## # #..# #..# #
###..# #..# # #....#
...# ## #######..#..##
..... .##
##....@zz....... .....
..#
#######..#####.........
.... ..###..........#
..####....#
#..#...#######....##
#..## ##...### #..# .[#
##### #.?# #..#


You could see 2 skeletal warriors.

Vanquished Creatures
  A minotaur (Gauntlet)
  A hydra (Lair:3)
  3 two-headed ogres
  2 boulder beetles
  A hell hog (Volcano)
  Urug (D:10)
  A fire crab (Volcano)
  A skeletal warrior (D:12)
  A sixfirhy (Gauntlet)
  2 wolf spiders
  2 necromancers
  2 manticores (D:10)
  An ugly thing (D:12)
  5 elephants (Lair:1)
  3 black mambas
  Maurice (D:8)
  A merfolk siren (Lair:2)
  2 gargoyles (D:12)
  5 cane toads
  2 unseen horrors (D:11)
  A rime drake (Lair:1)
  7 komodo dragons
  3 trolls
  13 blink frogs
  Prince Ribbit (D:6)
  Sigmund (D:6)
  2 wraiths
  6 fire bats (Volcano)
  Eustachio (D:6)
  8 wyverns
  48 yaks
  A vampire mosquito (D:6)
  3 steam dragons
  Menkaure (D:4)
  3 hell hounds (Volcano)
  An acid dragon (D:12)
  12 water moccasins
  2 ice beasts (D:5)
  8 orc warriors
  3 sky beasts
  3 black bears
  3 ogres
  16 wolves
  6 centaurs
  2 kobold brigands
  9 bullfrogs
  2 scorpions
  13 killer bees
  A howler monkey (D:11)
  4 electric eels
  7 lava snakes (Volcano)
  8 orc priests
  A jelly (D:6)
  2 sleepcaps
  2 hounds
  5 iguanas
  12 orc wizards
  2 polar bear simulacra (Lair:4)
  4 yak simulacra (Lair:4)
  4 wolf simulacra (Lair:4)
  A mummy (D:8)
  5 adders
  2 shadow imps
  2 white imps
  5 ufetubi
  2 worms (D:2)
  4 dart slugs
  33 orcs
  7 endoplasms
  2 giant cockroaches
  2 goblins (D:2)
  5 hobgoblins
  7 jackals
  23 kobolds
  4 quokkas
  3 ball pythons
  3 bats
  5 frilled lizards
  2 hobgoblin zombies (D:8)
  2 orc zombies (D:8)
  4 rats
  A river rat simulacrum (Lair:4)
  A butterfly (D:6)
394 creatures vanquished.

Vanquished Creatures (collateral kills)
  A molten gargoyle (Volcano)
  A steam dragon (Volcano)
2 creatures vanquished.

Vanquished Creatures (others)
  A fire vortex (Lair:3)
  13 fungi
  19 plants
  A withered plant (Gauntlet)
34 creatures vanquished.

Grand Total: 430 creatures vanquished

Notes
Turn   | Place    | Note
-------+----------+-------------------------------------------
     0 | D:1      | BubbleThief the Naga Cinder Acolyte began the quest for the
                  | Orb.
     0 | D:1      | Reached XP level 1. HP: 21/21 MP: 2/2
   170 | D:1      | Reached XP level 2. HP: 28/28 MP: 4/4
   173 | D:1      | Learned a level 2 spell: Scorch
   892 | D:1      | Reached XP level 3. HP: 34/34 MP: 0/5
  1488 | D:2      | Reached XP level 4. HP: 19/42 MP: 1/7
  1744 | D:2      | Found a faded altar of an unknown god.
  2853 | D:3      | Reached XP level 5. HP: 39/49 MP: 0/9
  3062 | D:4      | Found Xyonye's Weapon Shop.
  3524 | D:4      | Reached skill level 5 in Fire Magic
  3524 | D:4      | Reached XP level 6. HP: 56/56 MP: 1/11
  3668 | D:4      | Found Lauxihe's Specific Store.
  3673 | D:4      | Found Tyronait's General Store.
  3683 | D:4      | Bought a potion of heal wounds for 55 gold pieces
  3683 | D:4      | Bought a scroll of teleportation for 33 gold pieces
  3683 | D:4      | Bought a potion of curing for 33 gold pieces
  3723 | D:4      | Noticed Menkaure
  3728 | D:4      | Killed Menkaure
  3931 | D:4      | Found Socwuk's Distillery.
  4125 | D:5      | Entered Level 5 of the Dungeon
  4200 | D:5      | Reached XP level 7. HP: 62/62 MP: 6/13
  4603 | D:5      | Reached skill level 5 in Spellcasting
  5268 | D:5      | Reached XP level 8. HP: 69/69 MP: 11/16
  5456 | D:5      | Learned a level 3 spell: Mephitic Cloud
  5519 | D:6      | Reached skill level 1 in Conjurations
  5519 | D:6      | Reached skill level 1 in Poison Magic
  5649 | D:6      | Noticed Sigmund
  5659 | D:6      | Killed Sigmund
  5976 | D:6      | Reached XP level 9. HP: 32/75 MP: 1/19
  6196 | D:6      | Found a glowing golden altar of the Shining One.
  6199 | D:6      | Noticed an angel
  6210 | D:6      | Reached skill level 5 in Poison Magic
  6322 | D:6      | Noticed Prince Ribbit
  6328 | D:6      | Killed Prince Ribbit
  6416 | D:6      | Noticed Eustachio
  6428 | D:6      | Killed Eustachio
  6476 | D:6      | Found Itevie's Distillery.
  6589 | D:6      | Bought a potion of cancellation for 96 gold pieces
  6751 | D:6      | Found a staircase to the Ecumenical Temple.
  6815 | D:6      | Found Goahuob's Tremendous Tomes.
  6845 | D:6      | Found an ornate altar of the Wu Jian Council.
  7101 | D:6      | Found a basalt altar of Yredelemnul.
  7129 | D:7      | Reached skill level 4 in Fighting
  7394 | D:7      | Found Xooph's Fire Supplies.
  7477 | D:7      | Reached skill level 5 in Conjurations
  7662 | D:7      | Found an opulent altar of Gozag.
  8274 | D:8      | Found a sacrificial altar of Ru.
  8274 | D:8      | Found a blossoming altar of Fedhas.
  8316 | D:8      | Found a transporter.
  8319 | D:8      | Found a transporter.
  8319 | D:8      | Noticed a moth of wrath
  8323 | D:8      | Found a bloodstained altar of Trog.
  8323 | D:8      | Noticed BlueFish's ghost (novice OpFi)
  8392 | D:8      | Reached skill level 5 in Fighting
  8410 | D:8      | Reached XP level 10. HP: 66/88 MP: 2/21
  8776 | D:8      | Found a glowing silver altar of Zin.
  8787 | D:8      | Noticed Maurice
  8793 | D:8      | Killed Maurice
  9016 | D:8      | Found a stormy altar of Qazlal.
  9017 | D:8      | Found a shimmering altar of Xom.
  9021 | D:8      | Found a shadowy altar of Dithmenos.
  9584 | D:9      | Found a staircase to the Lair.
  9610 | D:9      | Reached skill level 6 in Fighting
  9977 | D:9      | Identified the +5 ring mail "Dumiv" {+Inv rN++}
 10000 | D:9      | Reached skill level 7 in Fighting
 10000 | D:9      | Reached skill level 5 in Maces & Flails
 10212 | D:9      | Found a radiant altar of Vehumet.
 10213 | D:9      | Found a white marble altar of Elyvilon.
 10359 | D:9      | Found Ylumokad's Weapon Shop.
 10499 | Lair:1   | Entered Level 1 of the Lair of Beasts
 10503 | Lair:1   | Identified a scroll of acquirement
 10503 | Lair:1   | Acquired the ring "Atwinili" {rF+ Int+6 Stlth+}
 10520 | Lair:1   | Noticed a boulder beetle
 10530 | Lair:1   | Killed a boulder beetle
 10604 | Lair:1   | Found a transporter.
 10604 | Lair:1   | Noticed a boulder beetle
 10605 | Lair:1   | Found a transporter.
 10605 | Lair:1   | Noticed a boulder beetle
 10617 | Lair:1   | Found a gate leading to a gauntlet.
 10627 | Gauntlet | Entered a Gauntlet
 10627 | Gauntlet | Found a transporter.
 10630 | Gauntlet | Noticed a sixfirhy
 10639 | Gauntlet | Found a transporter.
 10639 | Gauntlet | Found a transporter.
 10640 | Gauntlet | Found a transporter.
 10643 | Gauntlet | Noticed a smoke demon
 10648 | Gauntlet | Found a transporter.
 10651 | Gauntlet | Found a transporter.
 10652 | Gauntlet | Found a transporter.
 10656 | Gauntlet | Noticed a necromancer
 10662 | Gauntlet | Found a transporter.
 10664 | Gauntlet | Found a transporter.
 10665 | Gauntlet | Found a transporter.
 10672 | Gauntlet | Found a runed translucent door.
 10674 | Gauntlet | Found a transporter.
 10674 | Gauntlet | Noticed an orange demon
 10676 | Gauntlet | Noticed a green death
 10677 | Gauntlet | Found a transporter.
 10678 | Gauntlet | Found a transporter.
 10682 | Gauntlet | Found a runed translucent door.
 10682 | Gauntlet | Found a runed translucent door.
 10686 | Gauntlet | Found a transporter.
 10774 | Gauntlet | Killed a sixfirhy
 10775 | Gauntlet | Reached skill level 8 in Fighting
 10802 | Gauntlet | Reached XP level 11. HP: 68/103 MP: 19/23
 10813 | Gauntlet | Killed a necromancer
 10915 | Gauntlet | Noticed a minotaur
 10940 | Gauntlet | Killed a minotaur
 11317 | Lair:1   | Reached skill level 9 in Fighting
 12758 | Lair:1   | Reached skill level 10 in Fighting
 12764 | Lair:1   | Reached skill level 11 in Fighting
 12764 | Lair:1   | Reached skill level 10 in Maces & Flails
 12764 | Lair:1   | Reached XP level 12. HP: 9/120 MP: 5/24
 13387 | Lair:1   | Reached skill level 12 in Fighting
 13593 | Lair:2   | Gained mutation: You can use your snake-like lower body to
                  | constrict enemies. [Naga growth]
 13593 | Lair:2   | Reached XP level 13. HP: 78/129 MP: 0/25
 14281 | Lair:2   | Found a staircase to the Shoals.
 14351 | Lair:2   | Found a hole to the Spider Nest.
 14861 | Lair:2   | Got the Commentary on Composition and Wanderlust
 15151 | Lair:3   | Found a glowing silver altar of Zin.
 15314 | Lair:3   | Reached skill level 13 in Fighting
 15466 | Lair:3   | Found a runed translucent gate.
 15466 | Lair:3   | Found a runed translucent gate.
 15466 | Lair:3   | Found a runed translucent gate.
 15466 | Lair:3   | Noticed Gymmif's ghost (journeyman DsGl)
 15710 | Lair:3   | Found a dark tunnel.
 15718 | Volcano  | Entered a volcano
 16084 | Volcano  | Found a burning altar of Makhleb.
 17109 | Lair:3   | Upgraded the game from 0.30-a0-1085-g990a428a5c to
                  | 0.30-a0-1094-g860fb061e7
 17809 | Lair:4   | Identified the +2 ring mail of the Guava {Str+4 Dex+5}
 17914 | Lair:4   | Reached skill level 14 in Fighting
 18207 | Lair:4   | Found a viscous altar of Jiyva.
 18207 | Lair:4   | Found a staircase to the Slime Pits.
 19305 | D:7      | Bought Xiasastru's Atlas of Incineration for 616 gold
                  | pieces
 19310 | D:7      | Learned a level 4 spell: Flame Wave
 19316 | D:7      | Learned a level 5 spell: Fireball
 19392 | D:10     | Entered Level 10 of the Dungeon
 19769 | D:10     | Reached XP level 14. HP: 85/144 MP: 15/26
 20007 | D:10     | Found a staircase to the Orcish Mines.
 20104 | D:10     | Noticed Urug
 20111 | D:10     | Killed Urug
 20269 | D:10     | Found a hide-covered altar of Uskayaw.
 20289 | D:10     | Found Biweysh's Armour Emporium.
 20320 | D:10     | Found a hazy altar of Hepliaklqana.
 21707 | D:12     | Found an ancient bone altar of Kikubaaqudgha.
 22552 | D:12     | Noticed a tengu reaver
 22670 | D:12     | Slain by a skeletal warrior

Illustrated notes

Levels and vault maps discovered:
D:1:      mrwooster_arrival_statue, layout_basic, serial_forest,
          infiniplex_forest_lined_corner, infiniplex_forest_corner_1,
          infiniplex_forest_lined_room_, infiniplex_forest_straight_2,
          infiniplex_forest_lined_2, infiniplex_forest_corner_1
D:2:      layout_basic, shapermc_ecumenical_altar_mp_vishouse
D:3:      layout_basic
D:4:      layout_gridville, serial_shops, shop, shop, nicolae_specific_store,
          uniq_menkaure
D:5:      layout_layer_cave
D:6:      minmay_clustersquares, layout_loops_ring,
          grunt_temple_overflow_holy_war, nicolae_wu_jian_wuxing_cycle,
          minmay_temple_entry_butterflies, serial_shops, shop,
          nicolae_shop_i_like_big_books, uniq_eustachio, uniq_sigmund,
          uniq_prince_ribbit1
D:7:      layout_basic, nicolae_gozag_cash_rules_everything_around_me,
          nicolae_shop_fire_sale [nicolae_sub_dead_trees]
D:8:      layout_loops_cross, zin_statuary, nicolae_overflow_hidden_temple,
          gammafunk_ghost_wrathful_warriors, roderic_lattice_a,
          minmay_mini_ossuary, uniq_maurice
D:9:      layout_rooms, nicolae_overflow_squiral, dpeg_oklobed_lair,
          serial_corexii_hall, corexii_hall_statues_i, corexii_hall_statues_l,
          serial_shops, nicolae_shop_hallway_stairs
D:10:     layout_irregular_city, mainiacjoe_overflow_six_doors_small,
          kennysheep_mini_moat, david_orc_4, serial_shops, shop, uniq_urug
D:11:     layout_rooms
D:12:     kennysheep_scales, layout_layer_cave, kiku_gazebo_garden_becter
Lair:1:   gammafunk_boulding_lane, layout_cave_shapes, gauntlet_entry_generic
Lair:2:   layout_gridlike, minmay_shoals_entry_lonely_mermaid,
          dummy_spider_entry, nicolae_lair_run_with_the_wolves,
          lemuel_fruit_fields
Lair:3:   layout_gridlike, lightli_volcano_entry_magma_tube,
          ebering_ghost_rock_garden, basic_altar, lemuel_fruit_tree
Lair:4:   layout_gridlike, slime_entry_1, eino_house_with_fridge,
          lemuel_fruit_fields, serial_bayou_shore_b

Skill      XL: |  1  2  3  4  5  6  7  8  9 10 11 12 13 14 |
---------------+-------------------------------------------+-----
Spellcasting   | 2 3 4 5 6 7 8 9 |  9.0
Fire Magic     | 4 5 6 7 8 |  8.9
Conjurations   | 3 5 6 8 |  8.1
Poison Magic   | 4 6 |  6.0
Fighting       | 5 8 11 12 14 | 14.2
Maces & Flails | 6 10 11 13 | 13.5

Action                     |  1- 3 |  4- 6 |  7- 9 | 10-12 | 13-15 || total
---------------------------+-------+-------+-------+-------+-------++-------
  Melee: Mace              |    27 |    23 |    25 |    67 |   477 ||   619
         Punch             |       |       |     1 |     1 |    10 ||    12
         Constrict         |       |       |       |       |   102 ||   102
   Cast: Scorch            |    20 |    31 |   127 |   189 |   115 ||   482
         Mephitic Cloud    |       |       |     1 |    21 |    17 ||    39
         Fireball          |       |       |       |       |    38 ||    38
         Flame Wave        |       |       |       |       |     8 ||     8
 Invoke: Fiery Armour      |       |       |     1 |     4 |     1 ||     6
Ability: Spit Poison       |    24 |    29 |    39 |    64 |    75 ||   231
  Evoke: Wand              |       |       |       |     8 |     4 ||    12
         Box of beasts     |       |       |       |       |     1 ||     1
    Use: Scroll            |       |       |     4 |    17 |     4 ||    25
         Potion            |       |       |       |     2 |       ||     2
   Stab: Confused          |       |       |       |     5 |    12 ||    17
 Armour: Leather armour    |    18 |    20 |     9 |       |       ||    47
         Robe              |       |       |    26 |   144 |   233 ||   403
  Dodge: Dodged            |    21 |    29 |    37 |   104 |   211 ||   402
  Block: Other             |       |     2 |    24 |    63 |    89 ||   178
         Reflection        |       |       |     3 |     2 |     1 ||     6

Table legend: (Time is in decaauts)
 A = Elapsed time spent in this place.
 B = Non-inter-level travel time spent in this place.
 C = Inter-level travel time spent in this place.
 D = Time resting spent in this place.
 E = Time spent auto-exploring this place.
 F = Levels seen in this place.
 G = Mean time per level.
                   A        B        C        D        E       F      G
               +--------+--------+--------+--------+--------+-----+--------+
         Total |  27502 |  26194 |   1308 |   2816 |  19993 |  18 | 1527.9 |
       Dungeon |  17342 |  16615 |    727 |    673 |  14123 |  12 | 1445.2 |
          Lair |   8679 |   8098 |    581 |   1625 |   5436 |   4 | 2169.8 |
       Volcano |    902 |    902 |      0 |    288 |    273 |   1 |  902.0 |
      Gauntlet |    578 |    578 |      0 |    230 |    159 |   1 |  578.0 |
               +--------+--------+--------+--------+--------+-----+--------+

Top non-repeatable levels by time:
  Lair:1: 3367 daAuts
  Lair:4: 2003 daAuts
     D:6: 1921 daAuts
  Lair:3: 1765 daAuts
     D:8: 1700 daAuts
     D:5: 1700 daAuts
    D:10: 1619 daAuts
     D:7: 1616 daAuts
  Lair:2: 1544 daAuts
     D:1: 1536 daAuts
     D:4: 1383 daAuts
     D:3: 1309 daAuts
    D:12: 1288 daAuts
     D:9: 1186 daAuts
     D:2: 1060 daAuts
